 Dungeon Crawl Stone Soup version 0.23.1 (webtiles) character file.

Game seed: 8799249470954332881

331 DimondSprtn the Insei (level 6, -2/38 HPs)
             Began as an Octopode Transmuter on Mar 3, 2019.
             Was an Initiate of Ru.
             Slain by an ice beast (13 damage)
             ... on level 6 of the Dungeon.
             The game lasted 00:06:50 (3518 turns).

DimondSprtn the Insei (Octopode Transmuter)         Turns: 3518, Time: 00:06:51

Health: -2/38      AC:  1    Str: 10    XL:     6   Next: 52%
Magic:  7/10       EV: 14    Int: 15    God:    Ru [......]
Gold:   208        SH:  0    Dex: 14    Spells: 8/11 levels left

rFire    . . .     SeeInvis .     - Unarmed
rCold    . . .     Gourm    .   (no shield)
rNeg     . . .     Faith    .   (helmet restricted)
rPois    .         Spirit   .   (no amulet)
rElec    .         Reflect  .   (no ring)
rCorr    .         Harm     .   (no ring)
MR       .....                  (no ring)
Stlth    ++........             (no ring)
HPRegen  0.12/turn              (no ring)
MPRegen  0.12/turn              (no ring)
                                (no ring)
                                (no ring)

@: no status effects
A: almost no armour, stealthy swim, amphibious, 8 rings, constrict 8, camouflage
1, gelatinous body 1
a: Renounce Religion


You were on level 6 of the Dungeon.
You worshipped Ru.
Ru was noncommittal.
You were hungry.

You visited 1 branch of the dungeon, and saw 5 of its levels.

You collected 208 gold pieces.

Inventory:

Missiles
 a - 10 arrows
Wands
 f - a wand of polymorph (6)
Scrolls
 d - 8 scrolls of identify {unknown}
 g - a scroll of blinking {unknown}
 h - a scroll of random uselessness {unknown}
 i - 2 scrolls of teleportation {unknown}
 l - a scroll of immolation {unknown}
Potions
 b - 2 potions of haste {unknown}
 e - a potion of agility {unknown}
 j - a potion of resistance {unknown}
 k - 2 potions of ambrosia {unknown}
 m - a potion of curing {unknown}
 n - a potion of might {unknown}
 o - a potion of heal wounds {unknown}
Comestibles
 c - 8 rations


   Skills:
 - Level 1.0 Fighting
 + Level 3.3 Dodging
 * Level 5.0 Unarmed Combat
 + Level 3.1 Spellcasting
 + Level 3.4 Transmutations


You had 8 spell levels left.
You knew the following spells:

 Your Spells              Type           Power        Failure   Level  Hunger
a - Beastly Appendage     Tmut           ##....       4%          1    #......
b - Sticks to Snakes      Tmut           ##......     7%          2    ##.....

Your spell library contained the following spells:

 Spells                   Type           Power        Failure   Level  Hunger
 Spider Form              Tmut/Pois      #.........   28%         3    ###....
 Ice Form                 Ice/Tmut       #.......     67%         4    #####..
 Blade Hands              Tmut           ##........   78%         5    ######.


Dungeon Overview and Level Annotations

Branches:
Dungeon (6/15)
 Temple: D:4-7

Altars:
Ru
Trog
Xom


Innate Abilities, Weirdness & Mutations

You cannot wear most types of armour.
You are very stealthy in the water. (Stealth+)
You are amphibious.
You can wear up to eight rings at the same time.
You can use your tentacles to constrict eight enemies at once.
Your skin changes colour to match your surroundings (Stealth+).
Your rubbery body absorbs attacks. (AC +1, EV +1)


Message History

You closely miss the ice beast.
The ice beast is moderately wounded.
The ice beast completely misses you.
Your ball python closely misses the ice beast.
You tentacle-slap the ice beast.
The ice beast is moderately wounded.
The ice beast hits you. The ice beast freezes you!
Your ball python barely misses the ice beast.
You barely miss the ice beast. Your squeeze misses the ice beast.
The ice beast is moderately wounded.
Your ball python closely misses the ice beast.
The ice beast misses you.
You are feeling hungry.
You tentacle-slap the ice beast but do no damage.
The ice beast is moderately wounded.
Your ball python bites the ice beast but does no damage.
The ice beast hits you.
* * * LOW HITPOINT WARNING * * *
The ice beast freezes you!
You die...

#.###.... ##.#.#.##
##########.##.##
####..............#
..>........>......#
###.##.###.#.###.#
#......# #.#.# #.#
###.###..# #.#.#
#.# #.Y@# #..#
#.#.# #.#
#.#S###.## #.#.#
#.. #.#.....# #.#.#
### #.###.### #.#.#
#. #.# #.#.# #.
#.######. #.
#........ #.
#########


You could see an ice beast and a friendly ball python.

Vanquished Creatures
  A phantom (D:6)
  A bullfrog (D:6)
  A bullfrog skeleton (D:6)
  An iguana (D:6)
  A worker ant (D:6)
  6 adders
  A worm (D:2)
  2 dart slugs (D:2)
  A leopard gecko (D:1)
  A giant cockroach (D:2)
  5 goblins
  9 hobgoblins
  2 quokkas
  6 bats
  3 frilled lizards
  A kobold (D:2)
  A quokka zombie (D:6)
  4 rats
47 creatures vanquished.

Vanquished Creatures (others)
  5 toadstools (D:1)
5 creatures vanquished.

Grand Total: 52 creatures vanquished

Notes
Turn   | Place    | Note
-------+----------+-------------------------------------------
     0 | D:1      | DimondSprtn the Octopode Transmuter began the quest for the
                  | Orb.
     0 | D:1      | Reached XP level 1. HP: 13/13 MP: 3/3
   262 | D:1      | Reached XP level 2. HP: 3/18 MP: 3/5
  1199 | D:2      | Reached XP level 3. HP: 18/23 MP: 6/6
  1382 | D:1      | Learned a level 2 spell: Sticks to Snakes
  1806 | D:2      | Reached XP level 4. HP: 22/28 MP: 5/7
  1922 | D:2      | Found a sacrificial altar of Ru.
  1930 | D:2      | Became a worshipper of Ru the Awakened
  2283 | D:2      | Reached skill level 4 in Unarmed Combat
  2472 | D:3      | You fall through a shaft for 3 floors!
  2473 | D:6      | Noticed a bullfrog
  2476 | D:6      | Killed a bullfrog
  2476 | D:6      | Reached XP level 5. HP: 14/33 MP: 6/9
  2764 | D:5      | Entered Level 5 of the Dungeon
  2766 | D:5      | Noticed a sky beast
  2768 | D:5      | Noticed a centaur
  2990 | D:6      | Found a shimmering altar of Xom.
  2992 | D:6      | Noticed a phantom
  2997 | D:6      | Found a shimmering altar of Xom.
  2998 | D:6      | Found a shimmering altar of Xom.
  3060 | D:6      | Killed a phantom
  3060 | D:6      | Reached XP level 6. HP: 38/38 MP: 10/10
  3112 | D:5      | Found a bloodstained altar of Trog.
  3126 | D:6      | Reached skill level 5 in Unarmed Combat
  3236 | D:6      | Found a bloodstained altar of Trog.
  3503 | D:6      | Noticed an ice beast
  3518 | D:6      | Slain by an ice beast

Skill      XL: |  1  2  3  4  5  6 |
---------------+-------------------+-----
Unarmed Combat | 4 5 |  5.0
Transmutations | 3 |  3.4
Dodging        | 3 |  3.3
Spellcasting   | 3 |  3.1
Fighting       | |  1.0

Action                   |  1- 3 |  4- 6 || total
-------------------------+-------+-------++-------
Melee: Unarmed           |    75 |    51 ||   126
       Constrict         |    19 |    13 ||    32
       Tentacles         |    10 |    11 ||    21
       Kick              |    15 |    14 ||    29
       Punch             |     1 |     4 ||     5
 Cast: Beastly Appendage |    15 |    13 ||    28
       Sticks to Snakes  |       |     2 ||     2
 Stab: Sleeping          |     6 |     3 ||     9
  Eat: Chunk             |     3 |     5 ||     8
Armor: Skin              |     7 |     3 ||    10
Dodge: Dodged            |    39 |    32 ||    71
